 Dungeon Crawl Stone Soup version 0.29-a0-732-g3d7fbe0af2 (console) character file.

Game seed: 795760045618333313

86 jejorda2 the Slasher (level 4, -1/38 HPs)
             Began as a Palentonga Berserker on June 29, 2022.
             Was a Believer of Trog.
             Slain by a quokka (3 damage)
             ... on level 2 of the Dungeon.
             The game lasted 00:03:39 (1750 turns).

jejorda2 the Slasher (Palentonga Berserker)         Turns: 1750, Time: 00:03:39

Health: -1/38      AC:  6    Str: 21    XL:     4   Next: 27%
Magic:  4/4        EV:  9    Int:  7    God:    Trog [**....]
Gold:   72         SH:  0    Dex: 11    Spells: 3/3 levels left

rFire   . . .      SeeInvis +   a - +0 falchion
rCold   . . .      Faith    .   (no shield)
rNeg    . . .      Spirit   .   f - +0 ring mail
rPois   .          Reflect  .   (no helmet)
rElec   .          Harm     .   (no cloak)
rCorr   .          Rampage  .   (no gloves)
Will    .....                   (no barding)
Stlth   +.........              (no amulet)
HPRegen 0.12/turn               (no ring)
MPRegen 0.09/turn               (no ring)

@: on berserk cooldown, slowed, very slow
A: large, rugged brown scales 3, see invisible, deformed body, roll 1, armoured
tail
a: Rolling Charge, Renounce Religion, Berserk, Trog's Hand


You were on level 2 of the Dungeon.
You worshipped Trog.
Trog was pleased with you.
You visited 1 branch of the dungeon, and saw 2 of its levels.

You collected 72 gold pieces.

Inventory:

Hand Weapons
 a - a +0 falchion (weapon)
 d - a +0 short sword
Missiles
 b - 3 javelins
 c - 29 stones
Armour
 f - a +0 ring mail (worn)
Jewellery
 g - a ring of ice
 i - an amulet of the acrobat
Scrolls
 e - a scroll of teleportation {unknown}
 h - a scroll of blinking {unknown}
Potions
 j - a potion of attraction {unknown}


   Skills:
 + Level 3.6 Fighting
 * Level 4.2 Long Blades
 + Level 2.2 Armour
 - Level 1.5 Dodging


You had 3 spell levels left.
You didn't know any spells.
Your spell library was empty.

Dungeon Overview and Level Annotations

Branches:
Dungeon (2/15)

Altars:


Innate Abilities, Weirdness & Mutations

You are completely covered in rugged brown scales. (AC +3, +7% HP)
You have supernaturally acute eyesight. (SInv)
Armour fits poorly on your strangely shaped body.
You can roll at nearby foes to attack.
You have a long armoured tail.


Message History

You are too injured to fight recklessly!
You are too injured to fight recklessly!
You are too injured to fight recklessly!
You are too injured to fight recklessly!
You are too injured to fight recklessly!
You slash the rat!
You kill the rat!
Trog accepts your kill.
A jackal comes into view.
The jackal barks!
You slash the jackal!
You kill the jackal!
Trog accepts your kill.
The gnoll hits you from afar with a +0 halberd!
* * * LOW HITPOINT WARNING * * *
Found 8 gold pieces.
A jackal comes into view.
The gnoll hits you with a +0 halberd.
* * * LOW HITPOINT WARNING * * *
You see here a rat corpse.
The jackal barks!
You slash the gnoll! You tail-slap the gnoll.
You kill the gnoll!
Trog accepts your kill.
You are no longer berserk.
You are exhausted.
You feel yourself slow down.
A bat comes into view.
The quokka bites you.
* * * LOW HITPOINT WARNING * * *
You hit the jackal.
Your tail-slap misses the jackal.
The jackal is heavily wounded.
The jackal bites you.
* * * LOW HITPOINT WARNING * * *
The quokka bites you but does no damage.
A worm comes into view.
The jackal bites you.
* * * LOW HITPOINT WARNING * * *
The quokka bites you.
You die...

#.# #. ## #.# #. ###<
#.# #. ..... #$# ##
.....####.# #
..........# #
......h##.# ..w.b.r.#÷#
########### .
#h@#.###..........#
#.#)....#..........# ..
##..#÷#..........# ...
.....#.#..........'
....h##...#.#..........#
.$ #####.########'### .
#.......##.#
#.########.# #)#
#......#


You could see a worm, a quokka, 2 jackals and a bat.

Vanquished Creatures
  3 gnolls (D:2)
  An adder (D:2)
  A worm (D:2)
  A dart slug (D:2)
  6 bats
  4 endoplasms
  A giant cockroach (D:2)
  2 goblins (D:2)
  5 hobgoblins
  2 jackals (D:2)
  3 kobolds
  3 quokkas (D:2)
  4 ball pythons
  3 frilled lizards
  6 rats
45 creatures vanquished.

Notes
Turn   | Place    | Note
-------+----------+-------------------------------------------
     0 | D:1      | jejorda2 the Palentonga Berserker began the quest for the
                  | Orb.
     0 | D:1      | Reached XP level 1. HP: 19/19 MP: 1/1
   372 | D:1      | Reached XP level 2. HP: 23/25 MP: 2/2
  1188 | D:2      | Reached XP level 3. HP: 31/31 MP: 3/3
  1334 | D:2      | Reached ** piety under Trog
  1643 | D:2      | Reached skill level 4 in Long Blades
  1743 | D:2      | Reached XP level 4. HP: 37/37 MP: 4/4
  1750 | D:2      | Slain by a quokka

Illustrated notes

Levels and vault maps discovered:
D:1:      dpeg_arrival_three_same_balls, layout_basic
D:2:      layout_basic, ebering_ecumenical_altar_ruins, minmay_tetromino_t2

Skill      XL: |  1  2  3 |
---------------+----------+-----
Armour         | 2 |  2.2
Long Blades    | 4 |  4.2
Fighting       | |  3.6
Dodging        | |  1.5

Action                   |  1- 3 |  4- 6 || total
-------------------------+-------+-------++-------
Melee: Falchion          |   132 |     7 ||   139
       Tailslap          |     9 |     1 ||    10
Invok: Berserk           |     3 |       ||     3
 Abil: Rolling Charge    |    19 |       ||    19
Armor: Animal skin       |     3 |       ||     3
       Leather armour    |     2 |       ||     2
       Ring mail         |    64 |     4 ||    68
Dodge: Dodged            |    64 |     1 ||    65

Table legend: (Time is in decaauts)
 A = Elapsed time spent in this place.
 B = Non-inter-level travel time spent in this place.
 C = Inter-level travel time spent in this place.
 D = Time resting spent in this place.
 E = Time spent auto-exploring this place.
 F = Levels seen in this place.
 G = Mean time per level.
                   A        B        C        D        E       F      G
               +--------+--------+--------+--------+--------+-----+--------+
         Total |   1779 |   1723 |     56 |    217 |   1175 |   2 |  889.5 |
       Dungeon |   1779 |   1723 |     56 |    217 |   1175 |   2 |  889.5 |
               +--------+--------+--------+--------+--------+-----+--------+

Top non-repeatable levels by time:
     D:1: 1102 daAuts
     D:2: 676 daAuts
